 Dungeon Crawl Stone Soup version 0.21-a0-404-g291f19a (webtiles) character file.

1631 Jorbantar the Skirmisher (level 8, -12/87 HPs)
             Began as an Ogre Arcane Marksman on Oct 28, 2017.
             Was a Follower of Okawaru.
             Mangled by Barriton's ghost (16 damage)
             ... on level 7 of the Dungeon.
             The game lasted 00:20:33 (9339 turns).

Jorbantar the Skirmisher (Ogre Arcane Marksman)     Turns: 9339, Time: 00:20:33

Health: -12/87     AC:  6    Str: 15    XL:     8   Next: 98%
Magic:  9/9        EV: 10    Int: 16    God:    Okawaru [*.....]
Gold:   322        SH:  0    Dex:  9    Spells: 8/9 levels left

rFire    . . .     SeeInvis .   g - +1 whip (drain)
rCold    . . .     Gourm    .   (no shield)
rNeg     . . .     Faith    .   a - +1 robe
rPois    .         Spirit   .   (helmet restricted)
rElec    .         Reflect  .   t - +1 cloak
rCorr    .         Harm     +   (gloves unavailable)
MR       .....                  (boots unavailable)
Stlth    +.........             j - amulet of harm
HPRegen  0.24/turn              (no ring)
MPRegen  0.11/turn              (no ring)

@: no status effects
A: unfitting armour, tough skin 1
a: Heroism, Renounce Religion


You were on level 7 of the Dungeon.
You worshipped Okawaru.
Okawaru was aware of your devotion.
You were hungry.

You visited 1 branch of the dungeon, and saw 7 of its levels.

You collected 322 gold pieces.

Inventory:

Hand Weapons
 g - a +1 whip of draining (weapon)
 n - a +0 giant spiked club
 y - a +0 flail of venom
Missiles
 d - 2 throwing nets (quivered)
 l - 170 stones
 s - 12 tomahawks
Armour
 a - a +1 robe (worn)
 t - a +1 cloak (worn)
Jewellery
 j - an amulet of harm (around neck)
Wands
 C - a wand of disintegration (0/24)
 E - a wand of paralysis (3/24)
Scrolls
 e - a scroll of fog
 i - 3 scrolls of remove curse
 r - a scroll of recharging
 u - a scroll of fear
 x - a scroll of teleportation
 B - a scroll of identify
 D - a scroll of blinking {unknown}
Potions
 h - 3 potions of curing
 k - 3 potions of brilliance {unknown}
 m - a potion of agility {unknown}
 p - a potion of heal wounds {unknown}
 q - a potion of berserk rage {unknown}
 A - a potion of cancellation {unknown}
Books
 b - a book of Debilitation

   Spells                             Type                      Level
   a - Corona                         Hexes                        1
   b - Slow                           Hexes                        2
   c - Inner Flame                    Hexes/Fire                   3
   d - Portal Projectile              Hexes/Translocation          3
   e - Cause Fear                     Hexes                        4
   f - Leda's Liquefaction            Hexes/Earth                  4
 w - a book of Frost

   Spells                             Type                      Level
   a - Freeze                         Ice                          1
   b - Throw Frost                    Conjuration/Ice              2
   c - Ozocubu's Armour               Charms/Ice                   3
   d - Throw Icicle                   Conjuration/Ice              4
   e - Summon Ice Beast               Ice/Summoning                4
Comestibles
 f - 4 bread rations
 o - 6 meat rations
 v - 2 royal jellies
 z - 4 fruits


   Skills:
 + Level 7.2 Fighting
   Level 0.7 Short Blades
 * Level 6.5 Maces & Flails
 + Level 6.2 Throwing
 - Level 1.7 Dodging
 - Level 0.3 Stealth
 - Level 1.2 Spellcasting
 - Level 2.6 Hexes


You had 8 spell levels left.
You knew the following spells:

 Your Spells              Type           Power        Failure   Level  Hunger
a - Corona                Hex            #......      8%          1    ##.....


Dungeon Overview and Level Annotations

Branches:
Dungeon (7/15)             Temple (0/1) D:6

Altars:
Elyvilon
Hepliaklqana
Okawaru
Sif Muna
Trog
The Shining One

Annotations:
D:6 dainius's ghost, novice MiMo
D:7 Barriton's ghost, novice DrMo


Innate Abilities, Weirdness & Mutations

You are too large for most types of armour.
You have tough skin. (AC +1)


Message History

Barriton's ghost is moderately damaged.
Barriton's ghost completely misses you.
You barely miss Barriton's ghost.
Barriton's ghost is moderately damaged.
Barriton's ghost hits you!
* * * LOW HITPOINT WARNING * * *
You miss Barriton's ghost.
Barriton's ghost is moderately damaged.
You hit Barriton's ghost but do no damage.
Barriton's ghost is moderately damaged.
Barriton's ghost hits you!
* * * LOW HITPOINT WARNING * * *
You hit Barriton's ghost.
Barriton's ghost is moderately damaged.
Barriton's ghost hits you!
* * * LOW HITPOINT WARNING * * *
You whack Barriton's ghost!
Barriton's ghost is heavily damaged.
Barriton's ghost hits you!
You die...

. $. #. #.
##.#
####...##
.....#..#
#...@#
##.#W#######
# #S.......
#.#######
#.# #.# #.#
.(# #.#


You could see Barriton's ghost and an adder.

Vanquished Creatures
  An orc warrior (D:6)
  2 ogres
  A centaur (D:5)
  Blork the orc (D:5)
  4 bullfrogs
  A scorpion (D:5)
  2 jellies
  A howler monkey (D:5)
  4 crimson imps
  4 orc wizards
  2 orc priests
  A hound (D:5)
  An iguana (D:5)
  3 worker ants
  Terence (D:3)
  2 killer bee zombies (D:5)
  A worker ant zombie (D:6)
  7 gnolls
  9 adders
  A shadow imp (D:5)
  2 adder skeletons
  6 worms
  2 dart slugs (D:1)
  4 leopard geckos
  19 orcs
  2 bats
  3 giant cockroaches
  8 goblins
  7 hobgoblins
  13 jackals
  3 quokkas
  2 ball pythons
  5 frilled lizards
  7 kobolds
  A leopard gecko zombie (D:5)
  A quokka skeleton (D:5)
  3 rats
137 creatures vanquished.

Notes
Turn   | Place    | Note
-------+----------+-------------------------------------------
     0 | D:1      | Jorbantar the Ogre Arcane Marksman began the quest for the Orb.
     0 | D:1      | Reached XP level 1. HP: 19/19 MP: 2/2
   152 | D:1      | Reached XP level 2. HP: 10/27 MP: 3/3
  1286 | D:1      | Reached XP level 3. HP: 33/35 MP: 4/4
  1466 | D:1      | Reached skill level 2 in Fighting
  2292 | D:2      | Reached XP level 4. HP: 43/44 MP: 5/5
  2470 | D:2      | Reached skill level 1 in Maces & Flails
  3073 | D:3      | Reached skill level 3 in Fighting
  3165 | D:3      | Found a bloodstained altar of Trog.
  3280 | D:3      | Noticed Terence
  3284 | D:3      | Killed Terence
  3284 | D:3      | Reached XP level 5. HP: 53/53 MP: 2/6
  3923 | D:4      | Noticed an ogre
  3926 | D:4      | Killed an ogre
  3926 | D:4      | Reached XP level 6. HP: 62/62 MP: 4/7
  3939 | D:4      | Reached skill level 4 in Fighting
  4664 | D:4      | Found a deep blue altar of Sif Muna.
  5373 | D:5      | Entered Level 5 of the Dungeon
  5454 | D:5      | Noticed Blork the orc
  5471 | D:5      | Killed Blork the orc
  5471 | D:5      | Reached XP level 7. HP: 29/71 MP: 6/8
  5789 | D:5      | Reached skill level 5 in Fighting
  5945 | D:5      | Found an iron altar of Okawaru.
  5969 | D:5      | Became a worshipper of Warmaster Okawaru
  6018 | D:5      | Reached skill level 5 in Throwing
  6322 | D:5      | Reached XP level 8. HP: 51/83 MP: 9/9
  6433 | D:5      | Reached skill level 5 in Maces & Flails
  6648 | D:5      | Reached skill level 6 in Fighting
  7173 | D:5      | Reached * piety under Okawaru
  8278 | D:6      | Found a white marble altar of Elyvilon.
  8554 | D:6      | Found a staircase to the Ecumenical Temple.
  8598 | D:6      | Noticed dainius's ghost (novice MiMo)
  8904 | D:6      | Found a hazy altar of Hepliaklqana.
  8911 | D:6      | Reached skill level 7 in Fighting
  9091 | D:6      | Found a glowing golden altar of the Shining One.
  9317 | D:7      | Noticed Barriton's ghost (novice DrMo)
  9338 | D:7      | HP: 4/87 [Barriton's ghost (10)]
  9339 | D:7      | Mangled by Barriton's ghost

Vault maps used:
D:1:      roderic_octagonal_star
D:2:      serial_glass, glass_columns_a, glass_columns_b, glass_columns_a,
          glass_columns_c, glass_columns_a, glass_columns_a, feat_on_display,
          item_on_display_a, minmay_strange_pillars, item_on_display_a,
          feat_on_display
D:3:      hangedman_decor_clover_reticule, trog_three_pillars_becter,
          uniq_terence
D:4:      nicolae_overflow_crystal_walls, first_bread
D:5:      minmay_opposing_rooms, basic_altar, uniq_blork_the_orc
D:6:      lemuel_round_altar, elyvilon_altar_4, kennysheep_little_box,
          temple_statues
D:7:      serial_shops, nicolae_shop_waterfront

Skill      XL: |  1  2  3  4  5  6  7  8 |
---------------+-------------------------+-----
Throwing       | 3 4 5 6 |  6.2
Fighting       | 2 3 4 5 7 |  7.2
Maces & Flails | 1 2 3 4 6 |  6.5
Short Blades   | |  0.7
Dodging        | |  1.7
Stealth        | |  0.3
Spellcasting   | |  1.2
Hexes          | |  2.6

Action                   |  1- 3 |  4- 6 |  7- 9 || total
-------------------------+-------+-------+-------++-------
Melee: Dagger            |   155 |       |       ||   155
       Unarmed           |     4 |       |       ||     4
       Whip              |    41 |   180 |   425 ||   646
Throw: Large rock        |    13 |     7 |    12 ||    32
       Throwing net      |     1 |       |     2 ||     3
 Cast: Corona            |       |     7 |     1 ||     8
Evoke: Wand              |       |       |     6 ||     6
  Use: Scroll            |     1 |     8 |     3 ||    12
 Stab: Sleeping          |     1 |       |       ||     1
       Held in net/web   |       |       |     1 ||     1
       Paralysed         |       |       |     9 ||     9
  Eat: Chunk             |     5 |     8 |    12 ||    25
       Royal jelly       |       |     1 |       ||     1
Armor: Robe              |    53 |    39 |   119 ||   211
Dodge: Dodged            |   117 |    74 |   176 ||   367

Table legend:
 A = Spawn XP
 B = Non-spawn XP
 C = Spawn XP percentage of total XP
 D = Spawn monster count
 E = Non-spawn monster count
 F = Spawn count percentage of total count
 G = Total turns spent on level
                    A         B        C        D         E        F      G
               +---------+---------+-------+---------+---------+-------+---------
         Total |       0 |    2331 |   0.0 |       0 |     137 |   0.0 |  9339
               +---------+---------+-------+---------+---------+-------+---------
           D:1 |       0 |      60 |   0.0 |       0 |      30 |   0.0 |  1855
           D:2 |       0 |      67 |   0.0 |       0 |      14 |   0.0 |  1213
           D:3 |       0 |      90 |   0.0 |       0 |      20 |   0.0 |   855
           D:4 |       0 |     384 |   0.0 |       0 |      21 |   0.0 |  1765
           D:5 |       0 |    1111 |   0.0 |       0 |      38 |   0.0 |  2812
           D:6 |       0 |     579 |   0.0 |       0 |      13 |   0.0 |   785
           D:7 |       0 |      40 |   0.0 |       0 |       1 |   0.0 |    54
               +---------+---------+-------+---------+---------+-------+---------
